 Dungeon Crawl Stone Soup version 0.20.0-10-g0535bb4 (webtiles) character file.

63 anfisbena the Slasher (level 3, 0/43 HPs)
             Began as a Demonspawn Berserker on June 5, 2017.
             Was a Follower of Trog.
             Slain by a worm (8 damage)
             ... on level 2 of the Dungeon.
             The game lasted 00:01:45 (1714 turns).

anfisbena the Slasher (Demonspawn Berserker)        Turns: 1714, Time: 00:01:46

Health: 0/43       AC:  6    Str: 22    XL:     3   Next: 87%
Magic:  3/3        EV: 11    Int:  8    God:    Trog [*.....]
Gold:   120        SH:  3    Dex: 13    Spells: 2/2 levels left

rFire    . . .     SeeInvis .   a - +0 falchion
rCold    . . .     Gourm    .   i - +0 buckler
rNeg     . . .     Faith    .   b - +0 animal skin
rPois    .         Spirit   .   (no helmet)
rElec    .         Reflect  .   (no cloak)
rCorr    .         Harm     .   l - +2 pair of gloves {archery}
MR       .....                  e - +0 pair of boots
Stlth    ..........             (no amulet)
Regen    0.2/turn               (no ring)
MPRegen  0.1/turn               (no ring)

@: berserking, very quick
A: powered by death 1, rot immunity
a: Berserk, Burn Spellbooks, Renounce Religion


You were on level 2 of the Dungeon.
You worshipped Trog.
Trog was aware of your devotion.
You were not hungry.

You visited 1 branch of the dungeon, and saw 2 of its levels.

You collected 120 gold pieces.

Inventory:

Hand Weapons
 a - a +0 falchion (weapon)
Armour
 b - a +0 animal skin (worn)
 e - a +0 pair of boots (worn)
 i - a +0 buckler (worn)
 l - a +2 pair of gloves of archery (worn)
Scrolls
 f - 2 scrolls of remove curse {unknown}
 g - a scroll of fear {unknown}
 h - a scroll of amnesia {unknown}
 j - a scroll of identify {unknown}
 m - a scroll of enchant weapon {unknown}
 q - a scroll of fog {unknown}
 r - a scroll of recharging {unknown}
 t - a scroll of immolation {unknown}
Potions
 n - a potion of berserk rage {unknown}
 o - a potion of curing {unknown}
 s - a potion of agility {unknown}
Comestibles
 c - 4 bread rations
 d - 2 meat rations
 k - a fruit
 p - a chunk of flesh


   Skills:
 + Level 3.6 Fighting
 * Level 3.9 Long Blades
 - Level 1.7 Armour
 - Level 1.7 Dodging


You had 2 spell levels left.
You didn't know any spells.

Dungeon Overview and Level Annotations

Branches:
Dungeon (2/15)

Altars:
The Shining One


Innate Abilities, Weirdness & Mutations

You regenerate a little health from kills.
You are immune to rotting.


Message History

The worm is lightly wounded.
You hit the worm.
The worm is moderately wounded.
The worm bites you.
* * * LOW HITPOINT WARNING * * *
You slash the worm!
The worm is heavily wounded.
You hit the worm but do no damage.
The worm is heavily wounded.
You block the worm's attack.
A red film seems to cover your vision as you go berserk!
You feel yourself moving faster!
You feel mighty!
You feel quite a bit more hungry. The worm bites you.
* * * LOW HITPOINT WARNING * * *
You hit the worm.
The worm is heavily wounded.
You slash the worm!
The worm is almost dead.
The worm bites you!
You die... #P.PP .PP

≈PP.#...##
≈≈.......## P
≈≈P........##
#..P
≈PP≈........#
PP≈♣
≈P...?.....+
≈≈≈♣
...........#


P≈PP. #.<...w.# PPPPP #...@.# #.... ##...## ... ##'## ... #.# #.# ##.##
#.#######...## .............# .#####.#...## You could see a worm.

Vanquished Creatures
  Jessica (D:2)
  An ooze (D:1)
  A worm (D:2)
  A dart slug (D:1)
  2 leopard geckos
  A giant cockroach (D:2)
  2 goblins (D:1)
  5 hobgoblins
  2 quokkas (D:2)
  A bat (D:1)
  2 frilled lizards (D:2)
  5 kobolds
  A rat (D:2)
25 creatures vanquished.

Notes
Turn   | Place    | Note
-------+----------+-------------------------------------------
     0 | D:1      | anfisbena the Demonspawn Berserker began the quest for the Orb.
     0 | D:1      | Reached XP level 1. HP: 18/18 MP: 1/1
   238 | D:1      | Gained mutation: You are immune to rotting. [demonic ancestry]
   238 | D:1      | Reached XP level 2. HP: 23/24 MP: 2/2
  1270 | D:2      | Gained mutation: You regenerate a little health from kills. [demonic ancestry]
  1270 | D:2      | Reached XP level 3. HP: 29/29 MP: 3/3
  1362 | D:2      | Noticed Jessica
  1377 | D:2      | Killed Jessica
  1378 | D:2      | Found a glowing golden altar of the Shining One.
  1714 | D:2      | Slain by a worm

Skill      XL: |  1 |
---------------+----+-----
Long Blades    | 3 |  3.9
Fighting       | |  3.6
Armour         | |  1.7
Dodging        | |  1.7

Action                   || total
-------------------------++-------
Melee: Falchion          ||   108
Invok: Berserk           ||     1
 Stab: Sleeping          ||     1
  Eat: Chunk             ||     3
Armor: Animal skin       ||    23
Dodge: Dodged            ||    49
Block: Buckler           ||    14
       Rpst.: Falchion   ||    12
